 Dungeon Crawl Stone Soup version 0.27.0 (webtiles) character file.

Game seed: 4414526555127199935

9 mainiacjoe the Sneak (level 2, 0/21 HPs)
             Began as an Octopode Delver on July 31, 2021.
             Succumbed to a water moccasin's poison
             ... on level 5 of the Dungeon.
             The game lasted 00:00:25 (311 turns).

mainiacjoe the Sneak (Octopode Delver)               Turns: 311, Time: 00:00:25

Health: 0/21       AC:  1    Str: 11    XL:     2   Next: 12%
Magic:  2/2        EV: 13    Int: 12    God:
Gold:   24         SH:  0    Dex: 13    Spells: 1/1 levels left

rFire    . . .     SeeInvis .   a - +0 short sword
rCold    . . .     Faith    .   (no shield)
rNeg     . . .     Spirit   .   (helmet restricted)
rPois    .         Reflect  .   (no amulet)
rElec    .         Harm     .   (no ring)
rCorr    .         Rampage  .   (no ring)
Will     .....                  (no ring)
Stlth    ++++......             (no ring)
HPRegen  0.07/turn              (no ring)
MPRegen  0.08/turn              (no ring)
                                (no ring)
                                (no ring)

@: lethally poisoned (0 -> -9)
A: almost no armour, amphibious, 8 rings, camouflage 1, gelatinous body 1,
(nimble swimmer 1), tentacles
a: no special abilities


You were on level 5 of the Dungeon.
You visited 1 branch of the dungeon, and saw 1 of its levels.

You collected 24 gold pieces.

Inventory:

Hand Weapons
 a - a +0 short sword (weapon)
 g - a +0 arbalest
Wands
 f - a wand of digging (3)
Scrolls
 b - a scroll of fog
 c - a scroll of magic mapping
 d - a scroll of fear
 h - a scroll of teleportation {unknown}
Potions
 e - a potion of haste


   Skills:
 + Level 3.1 Fighting
 + Level 2.2 Short Blades
 + Level 2.2 Dodging
 + Level 6.7 Stealth


You had one spell level left.
You didn't know any spells.
Your spell library was empty.

Dungeon Overview and Level Annotations

Branches:
Dungeon (5/15)
 Temple: D:4-7

Altars:


Innate Abilities, Weirdness & Mutations

You cannot wear most types of armour.
You are amphibious.
You can wear up to eight rings at the same time.
Your skin changes colour to match your surroundings (Stealth+).
Your rubbery body absorbs attacks. (AC +1, EV +1)
((You are camouflaged near water. (Stealth+)))
You have tentacles for arms and can constrict up to eight enemies at once.


Message History

You constrict the adder.
You feel sick. The adder bites you.
* * * LOW HITPOINT WARNING * * *
You hit the adder.
You kill the adder!
You feel sick.
You have reached level 2!
You start resting.
You feel sick.
You are no longer poisoned.
You start resting.
HP restored.
You see here a +0 arbalest.
g - a +0 arbalest You now have 24 gold pieces (gained 15).
There is a stone staircase leading down here.
h - a scroll labelled GAOLUGIUJU A water moccasin comes into view.
The water moccasin hisses angrily.
An ogre comes into view. It is wielding a +0 giant spiked club.
The water moccasin bites you.
You are poisoned.
The water moccasin poisons you!
You hit the water moccasin. Your grab misses the water moccasin.
The water moccasin is lightly wounded.
You feel very sick. The water moccasin barely misses you.
The ogre shouts!
You hit the water moccasin. Your grab misses the water moccasin.
Your squeeze misses the water moccasin.
The water moccasin is moderately wounded.
You feel very sick.
The water moccasin closely misses you. x2
You closely miss the water moccasin. Your grab misses the water moccasin.
The water moccasin is moderately wounded.
You feel sick. The water moccasin bites you!
* * * LOW HITPOINT WARNING * * *
You hit the water moccasin but do no damage.
You grab the water moccasin.
The water moccasin is moderately wounded.
You constrict the water moccasin.
You die...

........ #...# #.... .. ....#
##... .##...### #...
..#.....## #..##
###.....#..#####.#
...##...###......# .....#...
..........##....#####........
................##...........
............S@.>#............
..............................
..............................
.....###.^..................#
O..... #....................#
... ..#O....#####.........##
........## #..........##
.........## #.##.........
..........# #..#.........


You could see a water moccasin and an ogre.

Vanquished Creatures
  An adder (D:5)
1 creature vanquished.

Notes
Turn   | Place    | Note
-------+----------+-------------------------------------------
     0 | D:5      | mainiacjoe the Octopode Delver began the quest for the Orb.
     0 | D:5      | Reached XP level 1. HP: 16/16 MP: 1/1
    33 | D:5      | Reached XP level 2. HP: 4/21 MP: 2/2
   299 | D:5      | Noticed a water moccasin
   299 | D:5      | Noticed an ogre
   311 | D:5      | Succumbed to a water moccasin's poison

Illustrated notes

Levels and vault maps discovered:
D:5:      layout_cave_pools, mainiacjoe_overflow_divided_tiny

Action                   || total
-------------------------++-------
Melee: Short sword       ||     8
       Constrict         ||     2
Dodge: Dodged            ||     5
